 Dungeon Crawl Stone Soup version 0.30-a0-55-g90e3122c3a (webtiles) character file.

Game seed: 708922935260656444

104 Decritt the Trooper (level 4, -11/30 HPs)
             Began as a Gargoyle Fighter on Sept 9, 2022.
             Mangled by an ogre
             ... wielding a +0 giant spiked club
              (26 damage)
             ... on level 3 of the Dungeon.
             The game lasted 00:03:06 (2178 turns).

Decritt the Trooper (Gargoyle Fighter)              Turns: 2178, Time: 00:03:07

Health: -11/30     AC: 16    Str: 22    XL:     4   Next: 80%
Magic:  4/4        EV:  7    Int:  8    God:
Gold:   108        SH:  4    Dex:  9    Spells: 3/3 levels left

rFire   . . .      SeeInvis .    a - +0 flail
rCold   . . .      Faith    .    c - +0 buckler
rNeg    + . .      Spirit   .    i - +0 chain mail
rPois   ∞          Reflect  .    (no helmet)
rElec   +          Harm     .    (no cloak)
rCorr   .          Rampage  .    (no gloves)
Will    .....                    (no boots)
Stlth   ..........               (no amulet)
HPRegen 0.10/turn                j - +4 ring of protection
MPRegen 0.09/turn                (no ring)

@: no status effects
A: sickness immunity, AC +3, negative energy resistance 1, electricity
resistance, torment resistance 1, petrification resistance
a: no special abilities


You were on level 3 of the Dungeon.
You visited 1 branch of the dungeon, and saw 3 of its levels.

You collected 108 gold pieces.

Inventory:

Hand Weapons
 a - a +0 flail (weapon)
Armour
 b - a +0 scale mail
 c - a +0 buckler (worn)
 i - a +0 chain mail (worn)
Jewellery
 j - a +4 ring of protection (left hand)
 n - a ring of positive energy
Wands
 t - a wand of light (7)
Scrolls
 e - a scroll of blinking {unknown}
 f - a scroll of brand weapon {unknown}
 g - 2 scrolls of butterflies {unknown}
 h - a scroll of enchant weapon {unknown}
 l - a scroll of teleportation {unknown}
 m - 3 scrolls of identify {unknown}
 p - a scroll of magic mapping {unknown}
 q - a scroll of enchant armour {unknown}
 u - a scroll of poison {unknown}
Potions
 d - a potion of might
 k - a potion of resistance {unknown}
 o - a potion of flight {unknown}
 r - a potion of brilliance {unknown}
 s - a potion of heal wounds {unknown}


   Skills:
 * Level 4.3 Fighting
 * Level 3.1 Maces & Flails
 + Level 3.8 Armour
 + Level 3.8 Shields


You had 3 spell levels left.
You didn't know any spells.
Your spell library was empty.

Dungeon Overview and Level Annotations

Branches:
Dungeon (3/15)

Altars:

Shops:
D:3 ?


Innate Abilities, Weirdness & Mutations

You are immune to sickness and miasma.
Your stone body is resilient. (AC +3)
You are immune to poison.
You resist negative energy. (rN+)
You are resistant to electric shocks. (rElec)
You are resistant to unholy torment.
You are immune to petrification.


Message History

You kill the hobgoblin!
No target in view!
No target in view!
m - 3 scrolls labelled MUNACZOTEC (gained 1)
Found a stone staircase leading down.
You now have 108 gold pieces (gained 8).
Found a dagger.
u - a scroll labelled ACVAIRAJUA
Found Hizoephi's Magic Scroll Boutique.
No target in view!
No target in view!
Found an escape hatch in the ceiling.
A goblin comes into view. It is wielding a +0 dagger.
The goblin shouts!
A goblin is nearby!
The goblin hits you but does no damage.
You sock the goblin!
You kill the goblin!
No target in view!
No target in view!
There is an entrance to Hizoephi's Magic Scroll Boutique here.
You can access your shopping list by pressing '$'.
There is an escape hatch in the ceiling here.
An ogre comes into view. It is wielding a +0 giant spiked club.
The ogre shouts!
The ogre hits you with a +0 giant spiked club!
Ouch! That really hurt!
* * * LOW HITPOINT WARNING * * *
You hit the ogre.
The ogre is lightly wounded.
The ogre barely misses you.
You sock the ogre!
The ogre is severely wounded.
You block the ogre's attack.
Okay, then.
You barely miss the ogre.
The ogre is severely wounded.
The ogre hits you with a +0 giant spiked club!!
Ouch! That really hurt!
You die...

#. #.# #.# #..####.# #.#
........####### #.#
#..8.<.∩.8.###.###
###..####......... #..#
#.####.### #..# #)# #.#
###.#####..####.# #.#
......O@........####.###
###.######..............
##.#########).. .# ####
.# ##


You could see an ogre.

Vanquished Creatures
  Jessica (D:2)
  3 adders (D:2)
  2 dart slugs
  5 ball pythons
  3 bats
  3 endoplasms
  6 goblins
  6 hobgoblins
  3 jackals (D:2)
  5 kobolds
  2 frilled lizards (D:2)
  5 rats
44 creatures vanquished.

Notes
Turn   | Place    | Note
-------+----------+-------------------------------------------
     0 | D:1      | Decritt the Gargoyle Fighter began the quest for the Orb.
     0 | D:1      | Reached XP level 1. HP: 14/14 MP: 1/1
   150 | D:1      | Found a faded altar of an unknown god.
   269 | D:1      | Reached XP level 2. HP: 19/19 MP: 2/2
   500 | D:1      | HP: 1/20 [goblin/+0 club (1)]
   980 | D:2      | Reached XP level 3. HP: 19/24 MP: 3/3
  1317 | D:2      | Reached skill level 4 in Fighting
  1596 | D:2      | Reached XP level 4. HP: 29/29 MP: 4/4
  2053 | D:2      | Noticed Jessica
  2055 | D:2      | Killed Jessica
  2154 | D:3      | Found Hizoephi's Magic Scroll Boutique.
  2172 | D:3      | Noticed an ogre
  2178 | D:3      | Mangled by an ogre

Illustrated notes

Levels and vault maps discovered:
D:1:      eino_arrival_water_star, layout_basic, basic_ecumenical_altar
D:2:      layout_basic, uniq_jessica
D:3:      minmay_thinvault, layout_loops_ring, grunt_temple_overflow_open,
          serial_shops, shop_statue, nicolae_figureground_sparkle

Skill      XL: |  1  2  3  4 |
---------------+-------------+-----
Fighting       | 4 |  4.3
Maces & Flails | 3 |  3.1
Armour         | |  3.8
Shields        | |  3.8

Action                   |  1- 3 |  4- 6 || total
-------------------------+-------+-------++-------
Melee: Flail             |   109 |    40 ||   149
Armor: Scale mail        |    18 |       ||    18
       Chain mail        |    57 |    18 ||    75
Dodge: Dodged            |    59 |    10 ||    69
Block: Buckler           |    23 |    12 ||    35

Table legend: (Time is in decaauts)
 A = Elapsed time spent in this place.
 B = Non-inter-level travel time spent in this place.
 C = Inter-level travel time spent in this place.
 D = Time resting spent in this place.
 E = Time spent auto-exploring this place.
 F = Levels seen in this place.
 G = Mean time per level.
                   A        B        C        D        E       F      G
               +--------+--------+--------+--------+--------+-----+--------+
         Total |   2223 |   2191 |     32 |    304 |   1524 |   3 |  741.0 |
       Dungeon |   2223 |   2191 |     32 |    304 |   1524 |   3 |  741.0 |
               +--------+--------+--------+--------+--------+-----+--------+

Top non-repeatable levels by time:
     D:2: 1169 daAuts
     D:1: 989 daAuts
     D:3: 64 daAuts
